Map: Data-C

Players

LiquidElazer (Elazer) - Winner!

  • Race: Zerg Zerg
  • Spawn Location: 9:00

Scarlett

  • Race: Zerg Zerg
  • Spawn Location: 3:00

Event: HomeStory Cup XXII

VOD

Have the link to the VOD?

Description

Time

  • Played on: Dec. 16, 2022, 3:37 p.m.
  • Length: 8:46

All games in this series

Show
View Real Time Build Order
Export as new Build Order

LiquidElazer Zerg - Winner!

Build Orders: Hatch First 

Get SALT Encoding   

  12  0:00  Drone  
  13  0:12  Overlord  
  13  0:16  Drone  
  14  0:30  Drone x2  
  16  0:48  Hatchery  
  15  0:50  Drone  
  15  0:54  Drone  
  17  0:57  Drone  
  18  1:09  Extractor  
  17  1:14  Spawning Pool  
  17  1:15  Drone  
  17  1:19  Drone  
  18  1:27  Drone  
  19  1:39  Drone  
  20  1:49  Drone  
  21  2:00  Queen x2  
  21  2:01  Zergling x2  
  26  2:03  Overlord  
  26  2:09  Metabolic Boost  
  26  2:10  Drone x2  
  28  2:21  Drone x2  
  30  2:33  Hatchery  
  30  2:36  Drone  
  30  2:38  Drone  
  30  2:43  Drone x2  
  33  2:48  Baneling Nest  
  32  2:53  Overlord  
  33  2:58  Zergling x2  
  33  3:04  Drone  
  33  3:05  Drone  
  35  3:07  Overlord  
  35  3:08  Drone  
  36  3:13  Zergling x4  
  36  3:17  Queen  
  40  3:20  Zergling x2  
  40  3:21  Zergling x2  
  42  3:32  Zergling x8  
  46  3:38  Overlord  
  46  3:40  Drone x4  
  50  3:44  Baneling  
  50  3:47  Drone x3  
  53  3:52  Drone x2  
  55  4:02  Overlord  
  54  4:10  Zergling x10  
  54  4:15  Zergling x6  
  59  4:18  Baneling x2  
  59  4:22  Overlord  
  59  4:23  Drone x3  
  59  4:24  Roach Warren  
  61  4:27  Drone x2  
  66  4:31  Drone x3  
  66  4:34  Drone  
  66  4:39  Overlord  
  66  4:41  Drone x2  
  68  4:45  Extractor  
  68  4:46  Lair, Drone  
  68  4:48  Extractor  
  68  4:51  Overlord  
  67  4:55  Drone x5  
  67  4:58  Drone x2  
  74  5:03  Overlord  
  73  5:12  Drone x3  
  76  5:14  Overlord  
  76  5:16  Extractor  
  76  5:17  Drone x3, Extractor  
  76  5:18  Drone  
  76  5:19  Drone x3  
  76  5:20  Extractor  
  80  5:21  Overlord  
  80  5:26  Drone x3  
  83  5:30  Overlord  
  82  5:37  Roach  
  82  5:38  Roach  
  85  5:43  Roach x4  
  85  5:44  Hatchery  
  85  5:45  Glial Reconstitution  
  85  5:49  Roach x3  
  98  5:54  Drone  
  98  5:55  Overlord  
  99  5:57  Roach  
  99  5:58  Roach  
  99  6:00  Drone  
  104  6:05  Overlord  
  104  6:10  Overlord x3  
  110  6:18  Roach x5  
  110  6:21  Spire  
  110  6:23  Roach x2  
  116  6:31  Roach x4  
  124  6:37  Roach x4  
  132  6:40  Overlord x2  
  132  6:44  Roach x2  
  137  6:50  Roach x3  
  142  6:55  Roach x3  
  142  6:59  Roach  
  142  7:00  Roach x2  
  154  7:04  Ravager x3  
  154  7:05  Roach x4, Ravager  
  166  7:10  Roach  
  166  7:14  Roach x3  
  174  7:21  Overlord  
  174  7:26  Overseer  
  168  7:35  Roach x8  
  168  7:36  Roach x2  
  161  7:47  Roach x5  
  161  7:50  Roach  
  163  7:58  Roach x3  
  159  7:59  Ravager x2  
  159  8:04  Roach x2  
  156  8:07  Ravager  
  156  8:10  Roach x2  
  156  8:11  Roach x2  
  156  8:12  Ravager  
  158  8:13  Ravager  
  158  8:16  Roach x3  
  156  8:22  Roach x5  
Show
View Real Time Build Order
Export as new Build Order

Scarlett Zerg 

Build Orders: Hatch First 

Get SALT Encoding   

  12  0:00  Drone  
  13  0:12  Overlord  
  13  0:16  Drone  
  14  0:30  Drone x2  
  16  0:46  Hatchery  
  15  0:51  Drone  
  15  0:54  Drone  
  17  0:57  Drone  
  18  1:08  Extractor  
  17  1:13  Spawning Pool  
  17  1:16  Drone  
  17  1:19  Drone  
  18  1:27  Drone  
  19  1:39  Drone  
  20  1:50  Drone  
  21  1:59  Queen x2  
  21  2:00  Drone, Overlord  
  26  2:08  Metabolic Boost  
  26  2:10  Drone  
  26  2:12  Zergling x2  
  28  2:20  Drone  
  28  2:22  Zergling x2  
  30  2:33  Hatchery  
  30  2:35  Drone  
  30  2:42  Drone x2  
  32  2:50  Baneling Nest  
  32  2:51  Overlord  
  31  2:53  Drone  
  31  2:56  Zergling x2  
  33  3:04  Drone x2  
  35  3:08  Drone  
  35  3:10  Drone x4  
  40  3:16  Overlord  
  40  3:21  Queen  
  42  3:27  Drone x2  
  44  3:36  Overlord  
  44  3:37  Zergling x2  
  44  3:41  Zergling x10  
  50  3:45  Zergling x4  
  52  3:48  Baneling  
  52  3:49  Baneling  
  52  3:53  Zergling x4  
  54  4:01  Baneling x2  
  54  4:02  Drone x2  
  56  4:04  Queen  
  56  4:05  Overlord  
  54  4:12  Drone x3  
  54  4:16  Drone x5  
  59  4:24  Roach Warren  
  59  4:27  Drone  
  59  4:28  Drone x2  
  59  4:30  Drone x3  
  64  4:35  Extractor  
  64  4:36  Extractor  
  62  4:41  Drone x3  
  65  4:47  Drone x2  
  65  4:48  Drone  
  65  4:49  Overlord  
  65  4:50  Drone x2  
  65  4:52  Lair  
  70  4:58  Overlord  
  68  5:01  Zergling x8  
  71  5:08  Extractor  
  71  5:10  Extractor  
  71  5:13  Evolution Chamber  
  67  5:16  Drone x7  
  67  5:18  Overlord  
  67  5:20  Roach x5  
  84  5:25  Baneling  
  84  5:28  Roach x3  
  90  5:36  Overlord x2  
  90  5:41  Zerg Missile Weapons Level 1  
  90  5:45  Drone  
  90  5:48  Extractor  
  90  5:49  Drone x6  
  96  5:52  Drone x2  
  96  5:54  Overlord  
  96  5:55  Glial Reconstitution  
  98  5:57  Hatchery  
  98  6:01  Overseer  
  96  6:05  Pneumatized Carapace  
  96  6:08  Roach x5  
  106  6:17  Drone  
  107  6:24  Roach x7  
  121  6:32  Baneling x4  
  121  6:35  Overlord x5  
  121  6:43  Overlord x2  
  121  6:44  Overlord  
  121  6:49  Hydralisk Den  
  121  6:53  Drone x3  
  121  6:57  Drone x6  
  127  7:08  Overlord x2  
  127  7:09  Roach x3, Evolution Chamber  
  142  7:15  Roach x5  
  142  7:21  Roach  
  144  7:26  Roach x4  
  139  7:32  Roach x2  
  139  7:34  Roach x3  
  135  7:38  Roach x3  
  135  7:42  Roach  
  135  7:43  Roach x3  
  131  7:47  Roach  
  124  7:51  Roach x2  
  124  7:54  Roach x2  
  124  7:56  Roach  
  126  7:58  Roach  
  126  8:01  Roach  
  126  8:02  Roach  
  114  8:09  Roach  
  114  8:12  Roach  
  110  8:15  Roach  
  106  8:20  Roach  
  106  8:21  Roach  
  106  8:22  Roach  
Tags
 
Matchup
ZvZ
Race
Zerg
Replay Pack
hsc22
Spawn Locations
Cross Positions
Add a new tag
Caveats
  • Supply blocks, unpowered buildings, or Contaminate may cause inaccurate times.
  • Supply counts are checked every 10 seconds.